 Dungeon Crawl Stone Soup version 0.28.0 (webtiles) character file.

Game seed: 8311437813854406239

492 Sanktem7 the Slasher (level 6, -2/56 HPs)
             Began as a Minotaur Fighter on Feb 9, 2022.
             Slain by a gnoll (3 damage)
             ... on level 5 of the Dungeon.
             The game lasted 00:06:16 (4215 turns).

Sanktem7 the Slasher (Minotaur Fighter)             Turns: 4215, Time: 00:06:18

Health: -2/56      AC:  8    Str: 22    XL:     6   Next: 91%
Magic:  5/5        EV:  9    Int:  5    God:
Gold:   234        SH:  4    Dex: 10    Spells: 5/5 levels left

rFire   + . .      SeeInvis .   a - +0 long sword
rCold   + + .      Faith    .   c - +0 buckler
rNeg    . . .      Spirit   .   b - +0 scale mail
rPois   +          Reflect  .   (helmet restricted)
rElec   +          Harm     .   q - +0 cloak
rCorr   +          Rampage  .   (no gloves)
Will    .....                   (no boots)
Stlth   ..........              (no amulet)
HPRegen 0.18/turn               i - ring of protection from cold
MPRegen 0.09/turn               (no ring)

@: resistant
A: horns 2, retaliatory headbutt
a: no special abilities


You were on level 5 of the Dungeon.
You visited 2 branches of the dungeon, and saw 6 of its levels.

You collected 234 gold pieces.

Inventory:

Hand Weapons
 a - a +0 long sword (weapon)
Missiles
 g - 60 arrows
Armour
 b - a +0 scale mail (worn)
 c - a +0 buckler (worn)
 q - a +0 cloak (worn)
Jewellery
 i - a ring of protection from cold (left hand)
Scrolls
 e - a scroll of magic mapping {unknown}
 f - 5 scrolls of teleportation {unknown}
 k - a scroll of torment {unknown}
 n - 2 scrolls of blinking {unknown}
 o - a scroll of amnesia {unknown}
 p - a scroll of fog {unknown}
 r - a scroll of immolation {unknown}
 s - 2 scrolls of identify {unknown}
Potions
 d - 2 potions of might
 h - a potion of mutation {unknown}
 j - a potion of attraction {unknown}
 l - a potion of heal wounds {unknown}


   Skills:
 * Level 5.5 Fighting
 * Level 6.3 Long Blades
 * Level 5.7 Armour
 + Level 1.1 Dodging
 - Level 3.6 Shields


You had 5 spell levels left.
You didn't know any spells.
Your spell library contained the following spells:

 Spells                   Type           Power      Damage    Failure   Level
 Animate Skeleton         Necr           0%         N/A       86%         1
 Freeze                   Ice            0%         1d3       86%         1
 Static Discharge         Conj/Air       0%         N/A       95%         2
 Frozen Ramparts          Ice            0%         1d2       99%         3
 Hailstorm                Conj/Ice       0%         3d3       100%        4
 Ice Form                 Ice/Tmut       0%         N/A       100%        4
 Summon Ice Beast         Ice/Summ       0%         N/A       100%        4
 Lightning Bolt           Conj/Air       0%         1d11      100%        5


Dungeon Overview and Level Annotations

Branches:
Dungeon (5/15)             Temple (1/1) D:5

Altars:
Ashenzari
Cheibriados
Elyvilon
Kikubaaqudgha
Okawaru
Sif Muna
Yredelemnul

Shops:
D:1 (


Innate Abilities, Weirdness & Mutations

You have a pair of horns on your head.
You reflexively headbutt those who attack you in melee.


Message History

Items here: )) [[ †.
A gnoll comes into view. It is wielding a +0 flail.
The gnoll shouts!
You hear a shout! x2
A gnoll comes into view. It is wielding a +0 halberd.
There are monsters nearby!
A gnoll comes into view. It is wielding a +0 flail.
The gnoll shouts!
A gnoll sergeant comes into view.
It is wielding a +4 trident of protection.
A gnoll comes into view. It is wielding a +0 whip.
The gnoll sergeant shouts!
The gnoll shouts!
The gnoll closely misses you.
The gnoll hits you from afar with a +0 halberd!
You hit the gnoll but do no damage. The gnoll hits you with a +0 flail!
You block the gnoll's attack.
You hit the gnoll but do no damage. You headbutt the gnoll!
The gnoll is heavily wounded.
The gnoll hits you with a +0 flail. You block the gnoll's attack.
You barely miss the gnoll.
You headbutt the gnoll, but do no damage.
The gnoll is heavily wounded.
The gnoll hits you with a +0 flail.
The gnoll hits you from afar with a +0 halberd.
You closely miss the gnoll. You headbutt the gnoll.
You kill the gnoll!
The gnoll hits you with a +0 flail! The gnoll barely misses you.
You block the gnoll's attack.
You closely miss the gnoll. The gnoll closely misses you.
The gnoll sergeant hits you from afar with a +4 trident of protection!
* * * LOW HITPOINT WARNING * * *
The gnoll hits you with a +0 whip.
* * * LOW HITPOINT WARNING * * *
The gnoll hits you with a +0 flail!
* * * LOW HITPOINT WARNING * * *
You feel protected. The gnoll barely misses you.
The gnoll sergeant hits you but does no damage.
The gnoll hits you with a +0 whip.
* * * LOW HITPOINT WARNING * * *
The gnoll hits you with a +0 flail.
You die...

#.........##
###..........##
#.............#
#.............>##
....#............##
..####............# ##
###...>.........
##.....†......#.. ##
.......)[...@## ...#
...........gg####..#
...........g.g.....##
........[...........#
....................#
.......##............#
....... #.............
....... ##............
.... #............


You could see a gnoll sergeant and 3 gnolls.

Vanquished Creatures
  An ogre (D:4)
  A scorpion (D:4)
  A hound (D:3)
  An iguana (D:5)
  2 orc wizards (D:2)
  9 gnolls
  4 adders
  2 worms (D:3)
  2 dart slugs
  11 orcs
  5 endoplasms
  2 giant cockroaches (D:1)
  17 goblins
  9 hobgoblins
  10 jackals
  6 kobolds
  3 quokkas
  5 ball pythons
  5 bats
  4 frilled lizards
  7 rats
107 creatures vanquished.

Notes
Turn   | Place    | Note
-------+----------+-------------------------------------------
     0 | D:1      | Sanktem7 the Minotaur Fighter began the quest for the Orb.
     0 | D:1      | Reached XP level 1. HP: 19/19 MP: 0/0
   125 | D:1      | Found a faded altar of an unknown god.
   131 | D:1      | Reached XP level 2. HP: 27/27 MP: 1/1
   649 | D:1      | Found Lebaohips's Weapon Boutique.
   694 | D:1      | Reached XP level 3. HP: 33/33 MP: 2/2
  1063 | D:2      | Reached skill level 3 in Long Blades
  1197 | D:2      | Reached XP level 4. HP: 35/41 MP: 3/3
  1199 | D:2      | Reached skill level 4 in Long Blades
  1346 | D:2      | Reached skill level 5 in Fighting
  1353 | D:2      | Reached XP level 5. HP: 48/48 MP: 4/4
  1992 | D:3      | Got the Reference Book on Doomed Attacks
  2062 | D:3      | Reached skill level 5 in Long Blades
  2070 | D:3      | Reached skill level 5 in Armour
  2196 | D:3      | Reached XP level 6. HP: 26/56 MP: 5/5
  2522 | D:3      | Found a shimmering blue altar of Sif Muna.
  2698 | D:4      | HP: 2/56 [ogre (24)]
  2701 | D:4      | Reached skill level 1 in Dodging
  3201 | D:4      | Reached skill level 6 in Long Blades
  3202 | D:4      | HP: 2/56 [poisoned by a scorpion]
  4039 | D:5      | Entered Level 5 of the Dungeon
  4051 | D:5      | Found a staircase to the Ecumenical Temple.
  4106 | Temple   | Entered the Ecumenical Temple
  4215 | D:5      | HP: 1/56 [gnoll (2)]
  4215 | D:5      | Slain by a gnoll

Illustrated notes

Levels and vault maps discovered:
D:1:      dpeg_arrival_rooms_with_view, layout_basic, serial_shops, shop,
          ebering_ecumenical_altar_ruins, minmay_stone_trees_small,
          nicolae_concentric_dashed_squares_mild, minmay_heptomino_o4
D:2:      layout_loops_ring
D:3:      layout_basic, led_sif_book, minmay_pentangle
D:4:      layout_basic, minmay_goblin_outpost
D:5:      nicolae_cairo_tiling, layout_cave_pods, nicolae_overflow_crystal_walls
Temple:   oiseaux_autumnal_temple

Skill      XL: |  1  2  3  4  5  6 |
---------------+-------------------+-----
Armour         | 4 5 |  5.7
Fighting       | 4 5 |  5.5
Long Blades    | 3 4 5 6 |  6.3
Dodging        | 1 |  1.1
Shields        | |  3.6

Action                   |  1- 3 |  4- 6 || total
-------------------------+-------+-------++-------
Melee: Long sword        |    70 |   156 ||   226
       Headbutt          |     7 |    26 ||    33
  Use: Potion            |       |     2 ||     2
Armor: Scale mail        |    21 |    61 ||    82
Dodge: Dodged            |    36 |    83 ||   119
Block: Buckler           |    16 |    35 ||    51
